 Dungeon Crawl Stone Soup version 0.29.1-2-gbd0b4ee654 (webtiles) character file.

Game seed: 10830317565629093561

6528 Raikaria the Covert (level 11, -1/67 HPs)
             Began as a Kobold Brigand on Nov 7, 2022.
             Was a Believer of Ashenzari.
             Slain by a scorpion (2 damage)
             ... summoned by Amaemon
             ... on level 10 of the Dungeon.
             The game lasted 00:27:23 (14679 turns).

Raikaria the Covert (Kobold Brigand)               Turns: 14679, Time: 00:27:23

Health: -1/67      AC: 10    Str:  9    XL:     11   Next: 20%
Magic:  16/18      EV: 19    Int: 18    God:    Ashenzari [**....]
Gold:   551        SH:  0    Dex: 25    Spells: 18/20 levels left

rFire   . . .      SeeInvis +   r - +1 dagger "Behold Eternity" {speed, rElec Int+6 Dex+4, Range, Melee} (curse)
rCold   . . .      Faith    .   (no shield)
rNeg    . . .      Spirit   .   I - +3 leather armour
rPois   .          Reflect  .   l - +0 helmet of the Bound God {Cun, Self} (curse)
rElec   +          Harm     .   x - +2 cloak of Ashenzari's Stars {Elem, Comp} (curse)
rCorr   .          Rampage  .   (no gloves)
Will    .....                   (no boots)
Stlth   +++++++...              (no amulet)
HPRegen 0.21/turn               y - ring "Ruined Awkwardness" {Wiz, Melee, Alch} (curse)
MPRegen 0.16/turn               (no ring)

@: lethally poisoned (-1 -> -3)
A: small, no large weapons, nightstalker 3
a: Renounce Religion, Shatter the Chains


You were on level 10 of the Dungeon.
You worshipped Ashenzari.
Ashenzari was pleased with you.
You visited 2 branches of the dungeon, and saw 12 of its levels.

You collected 551 gold pieces.

Inventory:

Hand Weapons
 r - the cursed +1 dagger "Behold Eternity" (weapon) {speed, rElec Int+6 Dex+4, Range, Melee}
   (You took it off a goblin on level 2 of the Dungeon)

   Attacks with this weapon are significantly faster.
   Int:       It affects your intelligence (+6).
   Dex:       It affects your dexterity (+4).
   rElec:     It insulates you from electricity.
   It has a curse which improves the following skills: Ranged Combat: Ranged
   Weapons and Throwing.
   Melee Combat: Short Blades, Long Blades, Axes, Maces & Flails, Polearms,
   Staves and Unarmed Combat.
Missiles
 d - 17 poisoned darts (quivered)
 e - 3 curare-tipped darts
Armour
 b - a +0 robe
 l - the cursed +0 helmet of the Bound God (worn) {Cun, Self}
   (You found it on level 1 of the Dungeon)

   It has a curse which improves the following skills: Cunning: Dodging and
   Stealth.
   Introspection: Fighting and Spellcasting.
 x - the cursed +2 cloak of Ashenzari's Stars (worn) {Elem, Comp}
   (You took it off Crazy Yiuf on level 3 of the Dungeon)

   It has a curse which improves the following skills: Elements: Fire Magic, Ice
   Magic, Air Magic and Earth Magic.
   Companions: Summonings and Necromancy.
 D - a +0 leather armour
 H - a +0 kite shield
 I - a +3 leather armour (worn)
 K - +0 steam dragon scales
Jewellery
 y - the cursed ring "Ruined Awkwardness" (left hand) {Wiz, Melee, Alch}
   (You found it on level 5 of the Dungeon)

   [ring of wizardry]

   It improves your spell success rate.
   It has a curse which improves the following skills: Melee Combat: Short
   Blades, Long Blades, Axes, Maces & Flails, Polearms, Staves and Unarmed
   Combat.
   Alchemy:   Poison Magic and Transmutations.
Wands
 c - a wand of polymorph (23)
 s - a wand of acid (13)
 G - a wand of mindburst (6)
 M - a wand of flame (5)
Scrolls
 a - a scroll of summoning
 f - 4 scrolls of vulnerability
 h - 16 scrolls of identify
 i - 3 scrolls of teleportation
 j - 2 scrolls of enchant armour
 k - a scroll of magic mapping
 n - 2 scrolls of amnesia
 o - a scroll of immolation
 v - 4 scrolls of enchant weapon
 C - a scroll of poison
 E - 6 scrolls of fear
 F - 2 scrolls of blinking
 L - a scroll of acquirement
Potions
 g - 3 potions of brilliance
 m - 2 potions of ambrosia
 p - 4 potions of flight
 q - 2 potions of attraction
 t - a potion of haste
 u - 2 potions of degeneration
 w - 2 potions of heal wounds
 z - 2 potions of lignification
 A - a potion of resistance
 B - a potion of invisibility
 J - 3 potions of curing
 N - 2 potions of berserk rage
 O - a potion of cancellation


   Skills:
 - Level 6.0(7.2) Fighting
 - Level 12.1(14.0) Short Blades
 - Level 2.1(3.1) Throwing
 - Level 5.0(6.2) Dodging
 + Level 13.9(15.1) Stealth
 + Level 4.1(5.3) Spellcasting
 + Level 4.6 Hexes
 - Level 3.4(4.5) Ice Magic


You had 18 spell levels left.
You knew the following spells:

 Your Spells              Type           Power      Damage    Failure   Level
a - Ensorcelled Hibernat  Hex/Ice        42%        N/A       1%          2

Your spell library contained the following spells:

 Spells                   Type           Power      Damage    Failure   Level
 Beastly Appendage        Tmut           10%        N/A       7%          1
 Necrotise                Necr           20%        1d5       7%          1
 Wereblood                Tmut           5%         N/A       11%         2
 Spider Form              Tmut/Pois      5%         N/A       21%         3
 Vampiric Draining        Necr           5%         2d6       21%         3
 Gell's Gravitas          Tloc           4%         N/A       22%         3
 Lesser Beckoning         Tloc           4%         N/A       22%         3
 Teleport Other           Tloc           4%         N/A       22%         3
 Anguish                  Hex/Necr       6%         N/A       26%         4
 Agony                    Necr           5%         N/A       86%         5


Dungeon Overview and Level Annotations

Branches:
Dungeon (11/15)            Temple (1/1) D:7            Lair (0/5) D:9
    Orc: D:9-12

Altars:
Ashenzari
Cheibriados
Fedhas
Hepliaklqana
Makhleb
Nemelex Xobeh
Okawaru
Qazlal
Sif Muna
Uskayaw
Wu Jian
Yredelemnul
The Shining One

Shops:
D:6 [   D:9 [

Annotations:
D:10 Amaemon


Innate Abilities, Weirdness & Mutations

You are small and have problems with some larger weapons.
You are completely attuned to the shadows.


Message History

Amaemon attacks as you move away! Amaemon completely misses you. x3
You feel very sick.
Amaemon shouts, "You think you're better than me?"
You feel sick.
You feel sick. Amaemon attacks as you move away!
Amaemon hits you but does no damage.
You are more poisoned.
Amaemon closely misses you. Amaemon misses you.
You feel very sick.
You feel very sick.
You feel sick.
You feel sick.
The orange demon no longer looks unusually toxic.
Amaemon attacks as you move away!
Amaemon hits you with a +1 demon whip of venom.
* * * LOW HITPOINT WARNING * * *
You are lethally poisoned!
Amaemon misses you. x2
* * * LOW HITPOINT WARNING * * *
You feel very sick.
* * * LOW HITPOINT WARNING * * *
You feel very sick.
* * * LOW HITPOINT WARNING * * *
You feel very sick.
Amaemon mumbles some strange words.
* * * LOW HITPOINT WARNING * * *
You feel sick. The scorpion misses you.
* * * LOW HITPOINT WARNING * * *
You feel sick.
The scorpion stings you but does no damage.
The scorpion attacks as you move away! The scorpion closely misses you.
* * * LOW HITPOINT WARNING * * *
You feel sick.
Amaemon shouts, "You think you're better than me?"
The scorpion attacks as you move away! The scorpion barely misses you.
* * * LOW HITPOINT WARNING * * *
You feel sick.
* * * LOW HITPOINT WARNING * * *
You feel sick. The scorpion stings you.
You die...

.... ,,,...... , ,
...#*** *#...... , *
#..# #......, , ,,
...#######...... , ,, ,
................ ,, ,,,,
##.########.### ** **
#.# #)# *
##.########.###########*
................@......
, *
................s......
,,,
...........######6s###
*, ...........# #4.#
...........######s.# *
................s..## *
......................,,
...................... ,
#.....)....?..########*


You could see Amaemon, an orange demon and 3 scorpions.

Vanquished Creatures
  A boulder beetle (D:8)
  2 trolls (D:9)
  A hornet (D:5)
  A wraith (D:9)
  3 yaks (D:9)
  Eustachio (D:5)
  A steam dragon (D:9)
  A wyvern (D:8)
  2 vampire mosquitoes (D:9)
  5 water moccasins
  4 orc warriors
  3 ice beasts
  A black bear (D:6)
  2 phantoms (D:5)
  3 centaurs
  3 bullfrogs
  3 scorpions
  12 wights
  7 killer bees
  2 howler monkeys (D:7)
  2 hounds
  3 jellies
  8 orc priests
  Crazy Yiuf (D:3)
  3 iguanas
  13 orc wizards
  5 gnolls
  5 adders
  A shadow imp (D:6)
  A white imp (D:6)
  2 dart slugs (D:1)
  29 orcs
  10 ball pythons
  8 endoplasms
  3 giant cockroaches
  8 goblins
  6 hobgoblins
  A quokka (D:3)
  6 bats
  8 frilled lizards
  5 kobolds
  9 rats
195 creatures vanquished.

Vanquished Creatures (others)
  A fungus (D:9)
  2 plants (D:9)
3 creatures vanquished.

Grand Total: 198 creatures vanquished

Notes
Turn   | Place    | Note
-------+----------+-------------------------------------------
     0 | D:1      | Raikaria the Kobold Brigand began the quest for the Orb.
     0 | D:1      | Reached XP level 1. HP: 12/12 MP: 1/1
   367 | D:1      | Reached XP level 2. HP: 17/18 MP: 2/2
   510 | D:1      | Found a faded altar of an unknown god.
   801 | D:2      | Reached XP level 3. HP: 22/22 MP: 3/3
  1474 | D:2      | Identified the +1 dagger of Hubris {speed, rElec Int+6
                  | Dex+4}
  1541 | D:3      | Reached XP level 4. HP: 27/27 MP: 4/4
  2066 | D:2      | Reached skill level 6 in Stealth
  2435 | D:3      | Found a runed translucent door.
  2438 | D:3      | Noticed Crazy Yiuf
  2443 | D:3      | Killed Crazy Yiuf
  2444 | D:3      | Reached XP level 5. HP: 32/32 MP: 5/5
  2736 | D:4      | Reached XP level 6. HP: 38/38 MP: 6/6
  2817 | D:5      | Entered Level 5 of the Dungeon
  3087 | D:5      | Noticed a hornet
  3091 | D:5      | Killed a hornet
  3092 | D:5      | Reached skill level 5 in Short Blades
  3092 | D:5      | Reached skill level 7 in Stealth
  3092 | D:5      | Reached XP level 7. HP: 43/43 MP: 7/7
  3114 | D:5      | Noticed a water moccasin
  3138 | D:5      | Killed a water moccasin
  3640 | D:5      | Reached skill level 5 in Dodging
  3640 | D:5      | Reached skill level 8 in Stealth
  3730 | D:5      | Reached XP level 8. HP: 48/48 MP: 8/8
  3839 | D:5      | Noticed Eustachio
  3843 | D:5      | Killed Eustachio
  3982 | D:4      | You fall into a shaft and drop 1 floor!
  4361 | D:4      | Reached skill level 5 in Fighting
  4506 | D:4      | Found a hazy altar of Hepliaklqana.
  4732 | D:5      | Reached skill level 9 in Stealth
  4911 | D:5      | Found a stormy altar of Qazlal.
  5263 | D:6      | Found Baal's Dragon-Slaying Spoils.
  5267 | D:6      | Reached XP level 9. HP: 55/55 MP: 9/9
  5414 | D:6      | Reached skill level 10 in Stealth
  5884 | D:6      | Learned a level 2 spell: Ensorcelled Hibernation
  6181 | D:6      | Found an ornate altar of the Wu Jian Council.
  6182 | D:6      | Found a basalt altar of Yredelemnul.
  6184 | D:6      | Found a shimmering blue altar of Sif Muna.
  6188 | D:6      | Found a snail-covered altar of Cheibriados.
  6193 | D:6      | Found a blossoming altar of Fedhas.
  6196 | D:6      | Found a sparkling altar of Nemelex Xobeh.
  6197 | D:6      | Found a hide-covered altar of Uskayaw.
  6203 | D:6      | Found an iron altar of Okawaru.
  7075 | D:7      | Reached skill level 1 in Ice Magic
  7287 | D:8      | Reached skill level 1 in Spellcasting
  7287 | D:8      | Reached skill level 1 in Hexes
  7366 | D:7      | Found a staircase to the Ecumenical Temple.
  7370 | Temple   | Entered the Ecumenical Temple
  7375 | Temple   | Became a worshipper of Ashenzari the Shackled
  8408 | D:7      | Reached skill level 11 in Stealth
  9547 | D:8      | Reached XP level 10. HP: 60/60 MP: 13/13
  9619 | D:8      | Reached skill level 10 in Short Blades
  9967 | D:8      | Noticed a boulder beetle
 10610 | D:8      | Reached * piety under Ashenzari
 10704 | D:8      | Killed a boulder beetle
 10705 | D:8      | Reached skill level 12 in Stealth
 11421 | D:7      | Identified the cursed +2 cloak of Ashenzari's Stars {Elem,
                  | Comp} (You took it off Crazy Yiuf on level 3 of the
                  | Dungeon)
 11421 | D:7      | Identified the cursed +0 helmet of the Bound God {Cun,
                  | Self} (You found it on level 1 of the Dungeon)
 11730 | D:7      | HP: 2/47 [wight/+5 scimitar (1)]
 12674 | D:9      | Found a staircase to the Lair.
 12807 | D:9      | Identified a scroll of acquirement
 12815 | D:9      | Reached skill level 13 in Stealth
 12962 | D:10     | Entered Level 10 of the Dungeon
 12981 | D:9      | Reached ** piety under Ashenzari
 13071 | D:9      | Found a glowing golden altar of the Shining One.
 13098 | D:9      | Reached XP level 11. HP: 65/67 MP: 17/17
 13271 | D:9      | Identified the +11 morningstar of the Fox {pain, Str+9}
 13788 | D:9      | Found Kirycef's Specialty Armours.
 14079 | D:10     | Noticed Amaemon
 14677 | D:10     | HP: 3/67 [poisoned by Amaemon]
 14679 | D:10     | HP: 1/67 [poisoned by Amaemon]
 14679 | D:10     | Slain by a scorpion

Illustrated notes

Levels and vault maps discovered:
D:1:      lightli_arrival_noodles, layout_loops_ring,
          hellmonk_ecumenical_altar_arch_garden, serial_bayou_lake_a
D:2:      layout_basic, serial_curves, eino_curves_02, eino_curves_01,
          kennysheep_generic_room_4
D:3:      layout_basic, st_stairs_8, chequers_serial_rivers_small_b,
          uniq_crazy_yiuf_cottage
D:4:      layout_gridville, mainiacjoe_overflow_brackets, minivault_26
D:5:      corexii_shack_village, layout_loops_ring,
          nicolae_qazlal_eye_of_the_storm, uniq_eustachio
D:6:      layout_cave_pods, nicolae_overflow_hallway_of_the_gods,
          nicolae_shop_dragon_depot, kennysheep_generic_room_14
D:7:      layout_basic, minmay_temple_entry_glassed_door, chequers_mini_garden
D:8:      layout_gridville, st_stairs_1, chequers_serial_rivers_large_a
D:9:      layout_loops_corners, mainiacjoe_overflow_cross_hatched,
          dpeg_oklobed_lair, nicolae_barding_shop
D:10:     layout_long_grid, serial_shops, kennysheep_mini, uniq_amaemon
D:11:     cheibrodos_orc_bank, layout_basic
Temple:   hellmonk_temple_of_storms

Skill      XL: |  1  2  3  4  5  6  7  8  9 10 11 |
---------------+----------------------------------+-----
Short Blades   | 3 4 5 6 8 9 11 12 | 12.1
Dodging        | 2 3 4 5 |  5.0
Fighting       | 3 4 5 6 |  6.0
Stealth        | 6 7 8 9 11 13 | 13.9
Ice Magic      | 2 3 |  3.4
Spellcasting   | 2 3 4 |  4.1
Hexes          | 2 4 |  4.6
Throwing       | |  2.1

Action                   |  1- 3 |  4- 6 |  7- 9 | 10-12 || total
-------------------------+-------+-------+-------+-------++-------
Melee: Dagger            |    82 |    60 |   451 |   463 ||  1056
       Punch             |     1 |       |     6 |     5 ||    12
 Cast: Ensorcelled Hiber |       |       |     1 |    23 ||    24
Invok: Curse Item        |       |       |       |     4 ||     4
  Use: Potion            |       |     1 |     2 |     1 ||     4
       Scroll            |       |       |       |     3 ||     3
 Stab: Sleeping          |    18 |    19 |    30 |    35 ||   102
       Distracted        |     1 |       |     3 |     2 ||     6
Armor: Robe              |    14 |    14 |     4 |       ||    32
       Leather armour    |       |       |    40 |    30 ||    70
       Skin              |       |       |       |     2 ||     2
Dodge: Dodged            |    36 |    41 |   166 |   240 ||   483
